AoeStats
← robain6

Arabia

510098201Analyzed
1v1 RM · 1d ago on Sep 29, 2026· 33m 14s· 2 players
Game mode
Random Map
Map size
Tiny (2 player)
Population
200
Speed
Normal
Resources
Standard
Victory
Conquest
Starting age
Dark Age
Ending age
Imperial Age
RankedLock teamsTeams togetherTeam positionsShared explorationLock speedFull tech treeHidden civsTurbo modeCheats
Victory
Defeat
🇩🇪 Franks · Germany
999
+15
🇮🇹 Bulgarians · Italy
988
-15
MarCelo
7:32 Loom
9:52 Feudal Age
11:38 Double-Bit Axe
14:41 Horse Collar
21:23 Castle Age
24:41 Pikeman
28:16 Forging
28:12 Scale Barding Armor
robain6
11:24 Feudal Age
12:26 Loom
15:22 Castle Age
14:38 Double-Bit Axe
16:16 Bow Saw
22:26 Scale Mail Armor
23:33 Wheelbarrow
23:15 Gold Mining
24:26 Scale Barding Armor
26:32 Hand Cart
26:55 Fletching
28:53 Gold Shaft Mining
32:32 Imperial Age
29:48 Town Watch
31:18 Husbandry
31:41 Scale Mail Armor
32:18 Bodkin Arrow
32:35 Forging
33:38 Conscription
Connection lost

Rejoining the realm…

Still unreachable

The connection could not be restored.

Session expired

The server has moved on; the page needs a fresh start.